 Dungeon Crawl Stone Soup version 0.26.1-11-gd32895ea62 (webtiles) character file.

Game seed: 7528591397106676972

24402 MajorAdolf the Carver (level 13, -6/127 HPs)
             Began as a Naga Wanderer on July 23, 2021.
             Was a Believer of Ashenzari.
             Mangled by an eight-headed hydra (10 damage)
             ... on level 13 of the Dungeon.
             The game lasted 00:32:12 (21436 turns).

MajorAdolf the Carver (Naga Wanderer)              Turns: 21436, Time: 00:32:13

Health: -6/127     AC: 12    Str: 16    XL:     13   Next: 12%
Magic:  13/13      EV:  6    Int: 14    God:    Ashenzari [**....]
Gold:   1351       SH: 27    Dex: 11    Spells: 12/12 levels left

rFire    . . .     SeeInvis +   R - +2 falchion (drain) (curse)
rCold    . . .     Faith    .   M - +10 tower shield of Ignorance {rN+ Int-4} (curse)
rNeg     + + .     Spirit   .   E - +2 leather armour of Huceem {rC- rCorr Str+2 Slay+2} (curse)
rPois    +         Reflect  .   w - +1 hat
rElec    .         Harm     .   (no cloak)
rCorr    +         Rampage  .   (no gloves)
Will     +....                  A - +0 barding (curse)
Stlth    +.........             p - amulet of the acrobat
HPRegen  0.31/turn              r - ring of protection from cold
MPRegen  0.13/turn              v - ring of positive energy

@: very slow
A: large, see invisible, deformed body, poison resistance, slowness 2, spit
poison 1, constrict 1, AC +4
a: Spit Poison, Renounce Religion, Curse Item, Scrying


You were on level 13 of the Dungeon.
You worshipped Ashenzari.
Ashenzari was pleased with you.
You visited 2 branches of the dungeon, and saw 15 of its levels.
You also visited: Sewer.

You collected 1351 gold pieces.

Inventory:

Hand Weapons
 H - a +4 rapier of flaming
 R - a cursed +2 falchion of draining (weapon)
Armour
 w - a +1 hat (worn)
 A - a cursed +0 barding (worn)
 E - the cursed +2 leather armour of Huceem (worn) {rC- rCorr Str+2 Slay+2}
   (You found it on level 6 of the Dungeon)

   It affects your strength (+2).
   It affects your accuracy and damage with ranged weapons and melee attacks
   (+2).
   It makes you vulnerable to cold.
   It provides partial protection from all sources of acid and corrosion.
   It has a curse placed upon it.
 M - the cursed +10 tower shield of Ignorance (worn) {rN+ Int-4}
   (You found it on level 8 of the Dungeon)

   It affects your intelligence (-4).
   It protects you from negative energy.
   It has a curse placed upon it.
Jewellery
 p - an amulet of the acrobat (around neck)
 r - a ring of protection from cold (left hand)
 v - a ring of positive energy (right hand)
 C - an uncursed ring of ice
 I - an uncursed ring of stealth
 Q - an uncursed amulet of regeneration
Wands
 i - a wand of random effects (17)
 F - a wand of disintegration (1)
 K - a wand of iceblast (33)
 L - a wand of flame (25)
 N - a wand of acid (5)
 O - a wand of enslavement (7)
Scrolls
 a - a scroll of identify
 c - a scroll of fog
 d - 2 scrolls of blinking
 h - a scroll of holy word {unknown}
 l - a scroll of magic mapping
 m - 6 scrolls of teleportation
 y - 3 scrolls of fear
 D - a scroll of amnesia
 P - 2 scrolls of enchant armour
Potions
 b - a potion of lignification
 e - a potion of haste
 f - 7 potions of might
 g - a potion of magic
 j - 4 potions of heal wounds
 n - 6 potions of curing
 o - 3 potions of flight
 q - 4 potions of attraction
 t - 3 potions of degeneration {unknown}
 x - 2 potions of invisibility
 z - 2 potions of resistance {unknown}
 B - a potion of mutation {unknown}
 G - a potion of cancellation {unknown}
 S - a potion of brilliance {unknown}


   Skills:
 + Level 11.4 Fighting
 - Level 12.0(14.0) Long Blades
 - Level 1.0 Axes
 - Level 1.0 Dodging
 - Level 1.5 Stealth
 + Level 10.2(11.5) Shields
 + Level 8.8 Evocations


You had 12 spell levels left.
You didn't know any spells.
Your spell library contained the following spells:

 Spells                   Type           Power        Failure   Level
 Animate Skeleton         Necr           0%           58%         1
 Apportation              Tloc           0%           58%         1
 Corona                   Hex            0%           58%         1
 Summon Small Mammal      Summ           0%           58%         1
 Bolt of Magma            Conj/Fire/Erth 0%           100%        5
 Iskenderun's Battlesphe  Conj           0%           100%        5
 Iron Shot                Conj/Erth      0%           100%        6
 Orb of Destruction       Conj           0%           100%        7
 Spellforged Servitor     Conj/Summ      0%           100%        7


Dungeon Overview and Level Annotations

Branches:
Dungeon (14/15)            Temple (1/1) D:7            Lair (0/6) D:9
    Orc (0/2) D:10          Sewer (visited)
 Vaults: D:13-14

Altars:
Ashenzari
Cheibriados
Dithmenos
Elyvilon
Fedhas
Gozag
Hepliaklqana
Kikubaaqudgha
Makhleb
Nemelex Xobeh
Okawaru
Qazlal
Ru
Sif Muna
Trog
Uskayaw
Vehumet
Wu Jian
Xom
Yredelemnul
Zin
The Shining One

Annotations:
D:7 3 runed translucent doors, 2 transporters, Zeebu's ghost, novice DsAK
D:8 1 runed translucent door, exclusion: orange crystal statue


Innate Abilities, Weirdness & Mutations

You cannot wear boots.
Your serpentine skin is tough. (AC +4)
You have supernaturally acute eyesight. (SInv)
Armour fits poorly on your strangely shaped body.
Your system is resistant to poisons. (rPois)
You cover ground very slowly.
You can spit poison.
You can use your snake-like lower body to constrict enemies.


Message History

The eight-headed hydra bites you but does no damage.
You block the eight-headed hydra's attack.
The eight-headed hydra bites you!
The eight-headed hydra bites you but does no damage.
You block the eight-headed hydra's attack.
The eight-headed hydra bites you. The eight-headed hydra bites you!
Aiming: Disintegrate
Press: ? - help, Shift-Dir - straight line, f/p - eight-headed hydra
Aim: an eight-headed hydra (almost dead, chance to affect: 62%)
The eight-headed hydra resists with significant effort.
You block the eight-headed hydra's attack. x2
The eight-headed hydra bites you! x2
* * * LOW HITPOINT WARNING * * *
You block the eight-headed hydra's attack.
The eight-headed hydra bites you!
* * * LOW HITPOINT WARNING * * *
The eight-headed hydra bites you.
* * * LOW HITPOINT WARNING * * *
The eight-headed hydra bites you!
You die...

### ..## #### ...## #...
....# ############ #...
....# #..........# #.).
....# #..........# #...
....# #..........# #...
....# #......@...#####
#... ...##
#.......D......######...
....#
#..........###......#...
....## #..........#
#####.....# .....#
########..## #..###..
.....# ##.## ###.## ##.
..)..## #..# ##...# ##.
.))#..# ##.###..### ##..
.).##.#### #.##..## #..#


You could see an eight-headed hydra.

Vanquished Creatures
  Erolcha (D:9)
  2 boulder beetles (D:11)
  A hydra (D:13)
  2 centaur warriors (D:13)
  A two-headed ogre (D:12)
  Urug (D:10)
  7 slime creatures (D:13)
  A wizard (D:11)
  Pikel (D:7)
  A cyclops (D:13)
  4 ugly things
  2 manticores
  A centaur zombie (D:13)
  A gargoyle (D:13)
  2 centaur skeletons
  5 kobold demonologists
  4 trolls
  3 meliai (D:12)
  A hornet (D:13)
  A wraith (D:12)
  2 shadows (D:10)
  A vampire (D:9)
  4 yaks (D:13)
  3 wyverns
  A basilisk (D:12)
  Eustachio (D:6)
  Menkaure (D:7)
  A steam dragon (D:12)
  2 acid dragons
  2 soldier ants
  A water moccasin (D:10)
  8 orc warriors
  Purgy (Sewer)
  4 phantoms
  A black bear (D:8)
  5 ice beasts
  5 sky beasts
  4 ogres
  A necrophage (D:7)
  3 centaurs
  Blork the orc (D:7)
  12 bullfrogs
  7 big kobolds
  2 troll zombies (D:10)
  A wyvern skeleton (D:12)
  4 scorpions
  6 killer bees
  11 wights
  3 howler monkeys
  A crimson imp (D:11)
  2 bullfrog zombies
  A quasit (D:8)
  6 orc priests
  2 bullfrog skeletons
  5 hounds
  13 orc wizards
  13 worker ants
  4 ogre zombies (D:10)
  A howler monkey zombie (D:8)
  2 worker ant zombies
  11 adders
  4 gnolls
  2 howler monkey skeletons
  2 river rats (D:5)
  A shadow imp (D:5)
  2 white imps
  4 ufetubi
  An ooze (D:5)
  3 adder zombies
  An adder skeleton (D:5)
  5 worms
  3 dart slugs (D:3)
  6 leopard geckos
  51 orcs
  A ball python (D:5)
  8 bats
  8 giant cockroaches
  12 goblins
  4 hobgoblins
  9 jackals
  8 quokkas
  5 frilled lizards
  3 goblin skeletons (D:10)
  2 goblin zombies (D:10)
  3 hobgoblin zombies (D:10)
  A jackal zombie (D:6)
  19 kobolds
  An orc skeleton (D:10)
  10 orc zombies (D:10)
  A quokka skeleton (D:6)
  4 rats
385 creatures vanquished.

Vanquished Creatures (others)
  8 fungi (D:9)
  11 plants (D:9)
19 creatures vanquished.

Grand Total: 404 creatures vanquished

Notes
Turn   | Place    | Note
-------+----------+-------------------------------------------
     0 | D:1      | MajorAdolf the Naga Wanderer began the quest for the Orb.
     0 | D:1      | MajorAdolf set off with the following items: a +2 falchion,
                  | 2 potions of lignification, a +0 robe
     0 | D:1      | Reached XP level 1. HP: 22/22 MP: 1/1
   452 | D:1      | Reached XP level 2. HP: 30/30 MP: 2/2
   635 | D:1      | Reached skill level 1 in Shields
   640 | D:1      | Reached XP level 3. HP: 26/36 MP: 3/3
  1019 | D:2      | Reached skill level 3 in Long Blades
  1625 | D:2      | Reached XP level 4. HP: 44/44 MP: 4/4
  2539 | D:3      | Reached XP level 5. HP: 36/50 MP: 5/5
  3237 | D:4      | Reached skill level 4 in Long Blades
  4297 | D:4      | Reached XP level 6. HP: 40/57 MP: 6/6
  4872 | D:5      | Entered Level 5 of the Dungeon
  4888 | D:5      | Reached skill level 5 in Long Blades
  4902 | D:5      | Found a glowing drain.
  4945 | Sewer    | Entered a sewer
  5212 | Sewer    | Noticed Purgy
  5233 | Sewer    | Killed Purgy
  5234 | Sewer    | Reached XP level 7. HP: 64/64 MP: 7/7
  5918 | D:4      | Reached skill level 6 in Long Blades
  6359 | D:5      | Found a burning altar of Makhleb.
  6767 | D:5      | Reached XP level 8. HP: 45/73 MP: 8/8
  6897 | D:5      | Found a sparkling altar of Nemelex Xobeh.
  6905 | D:5      | Found a white marble altar of Elyvilon.
  6910 | D:5      | Found a snail-covered altar of Cheibriados.
  6917 | D:5      | Found a radiant altar of Vehumet.
  6922 | D:5      | Found a shimmering altar of Xom.
  6937 | D:5      | Found a blossoming altar of Fedhas.
  6945 | D:5      | Found a sacrificial altar of Ru.
  7230 | D:6      | Reached skill level 5 in Shields
  7704 | D:6      | Reached skill level 5 in Fighting
  7868 | D:6      | Got a faintly glowing leather armour
  7879 | D:6      | Identified the +2 leather armour of Huceem {rC- rCorr Str+2
                  | Slay+2} (You found it on level 6 of the Dungeon)
  7926 | D:6      | Found an iron altar of Okawaru.
  8043 | D:6      | Reached skill level 7 in Long Blades
  8524 | D:6      | Reached XP level 9. HP: 72/82 MP: 9/9
  8653 | D:7      | Noticed Menkaure
  8660 | D:7      | Killed Menkaure
  9034 | D:7      | Reached skill level 8 in Long Blades
  9121 | D:7      | Found a runed translucent gate.
  9122 | D:7      | Found a runed translucent gate.
  9123 | D:7      | Found a runed translucent gate.
  9128 | D:7      | Noticed Zeebu's ghost (novice DsAK)
  9308 | D:7      | Noticed Blork the orc
  9628 | D:7      | Noticed Eustachio
 10037 | D:6      | Killed Eustachio
 10128 | D:7      | Found a transporter.
 10318 | D:7      | Killed Blork the orc
 10451 | D:7      | Found a transporter.
 10474 | D:7      | Found a staircase to the Ecumenical Temple.
 10631 | Temple   | Entered the Ecumenical Temple
 10784 | Temple   | Became a worshipper of Ashenzari the Shackled
 10845 | D:8      | Noticed Pikel
 10864 | D:7      | Killed Pikel
 10865 | D:7      | Reached XP level 10. HP: 60/94 MP: 10/10
 11054 | D:8      | Found a glowing golden altar of the Shining One.
 11060 | D:8      | Reached skill level 9 in Long Blades
 11244 | D:8      | Noticed an orange crystal statue
 11247 | D:8      | Found a runed translucent door.
 11248 | D:8      | Found the +10 tower shield of Ignorance {rN+ Int-4}
 11266 | D:8      | Found a runed translucent door.
 11717 | D:8      | Found a hide-covered altar of Uskayaw.
 11718 | D:8      | Noticed a +0 dagger
 11718 | D:8      | Noticed a +0 hand axe
 12318 | D:9      | Noticed Erolcha
 12330 | D:9      | Killed Erolcha
 12656 | D:9      | Reached * piety under Ashenzari
 13044 | D:9      | Found a staircase to the Lair.
 13131 | D:10     | Entered Level 10 of the Dungeon
 13131 | D:10     | Noticed Urug
 13505 | D:10     | Reached skill level 10 in Long Blades
 13505 | D:10     | Reached XP level 11. HP: 61/104 MP: 11/11
 13807 | D:10     | Killed Urug
 14028 | D:10     | Found a staircase to the Orcish Mines.
 14169 | D:10     | Reached skill level 5 in Evocations
 14907 | D:11     | Noticed a cyan ugly thing
 14917 | D:11     | Noticed a boulder beetle
 14932 | D:11     | Killed a cyan ugly thing
 14984 | D:11     | Killed a boulder beetle
 15684 | D:11     | Reached ** piety under Ashenzari
 15895 | D:11     | Noticed a wizard
 15910 | D:11     | Killed a wizard
 16063 | D:12     | Noticed a red ugly thing
 16451 | D:12     | Noticed a boulder beetle
 16865 | D:11     | Killed a boulder beetle
 17205 | D:12     | Killed a red ugly thing
 17206 | D:12     | Reached skill level 10 in Fighting
 17672 | D:12     | Reached skill level 11 in Long Blades
 17672 | D:12     | Reached XP level 12. HP: 86/116 MP: 12/12
 18314 | D:12     | Noticed a two-headed ogre
 18389 | D:12     | Killed a two-headed ogre
 18944 | D:12     | Found an opulent altar of Gozag.
 19365 | D:13     | Noticed a centaur warrior
 19374 | D:13     | Killed a centaur warrior
 19471 | D:13     | Noticed a centaur warrior
 19486 | D:13     | Killed a centaur warrior
 20068 | D:13     | Noticed a seven-headed hydra
 21115 | D:13     | Reached skill level 10 in Shields
 21115 | D:13     | Gained mutation: You can use your snake-like lower body to
                  | constrict enemies. [Naga growth]
 21115 | D:13     | Reached XP level 13. HP: 114/127 MP: 13/13
 21166 | D:13     | Reached skill level 12 in Long Blades
 21436 | D:13     | HP: 4/127 [eight-headed hydra (6)]
 21436 | D:13     | Mangled by an eight-headed hydra

Illustrated notes

Levels and vault maps discovered:
D:1:      dpeg_arrival_erosion, layout_rooms
D:2:      layout_basic
D:3:      layout_basic, minmay_fractal_squares_gapless_5
D:4:      layout_layer_cave
D:5:      layout_rooms, grunt_temple_overflow_octagram, serial_glass,
          glass_columns_b, glass_columns_a, minmay_strange_pillars,
          item_on_display_a, due_unseen_surprise, portal_sewer_entry_c,
          eino_tiny_chamber, bloody_makhleb
D:6:      minmay_polygon_palace, layout_rooms, kennysheep_okawaru_gauntlet
D:7:      gammafunk_steamed_eel, layout_rooms,
          minmay_temple_entry_statues_fountains, gammafunk_ghost_necromancy,
          sword_in_stone, uniq_menkaure
D:8:      layout_basic, dancing_weapons_uskayaw, basic_altar,
          chequers_guarded_unrand_ignorance, uniq_pikel
D:9:      layout_cave_pools, grunt_lair_entry_orc_guard_hut, uniq_erolcha
D:10:     layout_cave_pools, zombieorc1_lemuel, uniq_urug
D:11:     layout_rooms, lightli_wizard_tower
D:12:     layout_cave_pools, serial_co_window_serial, co_window_corner_a,
          co_window_paths_a, co_window_paths_b, co_window_paths_a,
          co_window_corner_a, co_window_paths_b, co_window_paths_b,
          co_window_unsneaky_path_d, co_window_corner_b,
          co_window_unsneaky_path_e, glass_columns_a, glass_columns_b,
          glass_columns_a, nicolae_gozag_cash_rules_everything_around_me
D:13:     layout_rooms
D:14:     layout_basic, ximxim_vaults_locker_room, serial_bayou_pond_b,
          serial_shops, shop, lemuel_blue_sif_altar
Temple:   dshaligram_water_room_temple

Skill      XL: |  1  2  3  4  5  6  7  8  9 10 11 12 13 |
---------------+----------------------------------------+-----
Shields        | 1 2 3 4 5 7 8 9 10 | 10.2
Long Blades    | 3 4 5 6 7 8 10 11 12 | 12.0
Fighting       | 5 7 8 10 11 | 11.4
Evocations     | 4 6 8 |  8.8
Axes           | |  1.0
Dodging        | |  1.0
Stealth        | |  1.5

Action                   |  1- 3 |  4- 6 |  7- 9 | 10-12 | 13-15 || total
-------------------------+-------+-------+-------+-------+-------++-------
Melee: Falchion          |    77 |   198 |   423 |  1406 |    51 ||  2155
       Constrict         |       |       |       |       |    11 ||    11
Invok: Curse Item        |       |       |     4 |     2 |       ||     6
 Abil: Spit Poison       |     4 |    16 |    33 |    13 |     1 ||    67
Evoke: Wand              |       |       |       |    16 |     9 ||    25
  Use: Scroll            |       |    10 |     1 |    17 |       ||    28
       Potion            |       |     1 |     2 |     6 |       ||     9
 Stab: Sleeping          |       |       |     1 |     1 |       ||     2
Armor: Scale mail        |    26 |    54 |    63 |       |       ||   143
       Skin              |       |    29 |    51 |    17 |       ||    97
       Leather armour    |       |       |    75 |   231 |    11 ||   317
Dodge: Dodged            |    19 |    38 |   102 |   148 |    12 ||   319
Block: Kite shield       |    26 |    96 |   206 |    25 |       ||   353
       Tower shield      |       |       |       |  1427 |    54 ||  1481
       Rpst.: Falchion   |     8 |    10 |    27 |    36 |     3 ||    84
